 Dungeon Crawl Stone Soup version 0.23.2-33-g5129a83184 (webtiles) character file.

Game seed: 6553914356055964032

285687 JeronimusCornelisz the Slayer (level 19, -1/180 HPs)
             Began as a Minotaur Berserker on June 30, 2019.
             Was the Champion of Trog.
             Slain by a deep elf blademaster
             ... wielding a +0 rapier
              (8 damage)
             ... on level 3 of the Elven Halls on July 3, 2019.
             The game lasted 05:40:05 (58100 turns).

JeronimusCornelisz the Slayer (Minotaur Berserker) Turns: 58100, Time: 05:40:06

Health: -1/180     AC: 39    Str: 34    XL:     19   Next: 81%
Magic:  8/21       EV: 13    Int:  8    God:    Trog [******]
Gold:   1954       SH: 10    Dex: 14    Spells: 18/18 levels left

rFire    . . .     SeeInvis +   a - +9 broad axe (flame)
rCold    x . .     Gourm    +   A - +5 buckler of the Mind {rC- Str+8}
rNeg     . . .     Faith    .   d - +2 plate armour {MR+}
rPois    .         Spirit   .   s - +2 hat {SInv}
rElec    .         Reflect  .   P - +2 cloak
rCorr    .         Harm     .   j - +2 pair of gloves
MR       ++++.                  i - +2 pair of boots
Stlth    ..........             U - amulet of Tuusotos {Gourm rC- MR++ Int+4}
HPRegen  0.40/turn              T - +3 ring of protection
MPRegen  0.17/turn              C - ring "Iseocism" {rC+ AC+3}

@: about to teleport
A: retaliatory headbutt, horns 2, frail 1
}: 2/15 runes: decaying, gossamer
a: Berserk, Trog's Hand, Brothers in Arms, Renounce Religion


You were on level 3 of the Elven Halls.
You worshipped Trog.
Trog was exalted by your worship.
You were very full.

You visited 7 branches of the dungeon, and saw 35 of its levels.
You also visited: Ossuary, Bailey and Ice Cave.

You collected 7070 gold pieces.
You spent 5116 gold pieces at shops.

Inventory:

Hand Weapons
 a - a +9 broad axe of flaming (weapon)
 b - a +9 fustibalus of flaming
 f - the +4 trident "Vucadod" {protect, rElec rF+ MR- Stlth+}
   (You found it on level 10 of the Dungeon)

   It protects the one who uses it against injury (+AC on strike).
   It protects you from fire.
   It insulates you from electricity.
   It affects your resistance to hostile enchantments.
   It makes you more stealthy.
 m - a +3 antimagic hand axe
 o - a +3 morningstar of holy wrath
 x - the +7 morningstar of Fafrikh {flame, Stlth+}
   (You found it on level 3 of the Spider Nest)

   It has been specially enchanted to burn those struck by it, causing extra
   injury to most foes and up to half again as much damage against particularly
   susceptible opponents.
   It makes you more stealthy.
 E - the +0 hunting sling of Plunder {velocity, rF+ rC+ Int+4 Dex+4}
   (You bought it in a shop on level 1 of the Elven Halls)

   Any stone fired from it inflicts extra damage.
   It affects your intelligence (+4).
   It affects your dexterity (+4).
   It protects you from fire.
   It protects you from cold.
Missiles
 l - 228 sling bullets
 y - 74 tomahawks (quivered)
Armour
 d - a +2 plate armour of magic resistance (worn)
 i - a +2 pair of boots (worn)
 j - a +2 pair of gloves (worn)
 s - a +2 hat of see invisible (worn)
 A - the +5 buckler of the Mind (worn) {rC- Str+8}
   (You found it on level 1 of the Spider Nest)

   It affects your strength (+8).
   It makes you vulnerable to cold.
 P - a +2 cloak (worn)
Jewellery
 C - the ring "Iseocism" (right hand) {rC+ AC+3}
   (You bought it in a shop on level 2 of the Orcish Mines)

   [ring of protection]

   It affects your AC (+3).
   It protects you from cold.
 F - an uncursed ring of protection from fire
 I - an uncursed ring of ice
 K - an uncursed ring of resist corrosion
 L - an uncursed ring of flight
 N - an uncursed ring of positive energy
 T - a +3 ring of protection (left hand)
 U - the amulet of Tuusotos (around neck) {Gourm rC- MR++ Int+4}
   (You bought it in a shop on level 2 of the Elven Halls)

   [amulet of the gourmand]

   It allows you to eat raw meat even when not hungry.
   It affects your intelligence (+4).
   It makes you vulnerable to cold.
   It affects your resistance to hostile enchantments.
Wands
 e - a wand of clouds (5)
 n - a wand of flame (67)
 B - a wand of iceblast (47)
 R - a wand of enslavement (4)
 V - a wand of paralysis (20)
 W - a wand of disintegration (17)
 Z - a wand of digging (11)
Scrolls
 k - 8 scrolls of remove curse
 p - 8 scrolls of fog
 q - a scroll of silence
 r - 7 scrolls of identify
 t - 11 scrolls of teleportation
 v - 7 scrolls of blinking
 D - 8 scrolls of fear
 O - a scroll of holy word
 Y - 6 scrolls of magic mapping
Potions
 c - 20 potions of curing
 h - 8 potions of heal wounds
 w - a potion of might
 H - 2 potions of invisibility
 J - 9 potions of resistance
 X - a potion of haste
Miscellaneous
 u - a phantom mirror
 M - a fan of gales
 Q - a lightning rod (4/4)
 S - a phial of floods
Comestibles
 g - 34 rations
 z - 5 chunks of flesh


   Skills:
 + Level 24.9 Fighting
 - Level 18.0 Axes
 - Level 13.9(14.0) Slings
 + Level 1.8(8.7) Throwing
 + Level 17.5 Armour
 + Level 8.1 Dodging
 + Level 4.0 Stealth
 - Level 4.0 Shields
 - Level 5.0 Evocations


You had 18 spell levels left.
You didn't know any spells.
Your spell library was empty.

Dungeon Overview and Level Annotations

Branches:
Dungeon (15/15)            Temple (1/1) D:7            Lair (6/6) D:10
  Swamp (4/4) Lair:2       Spider (4/4) Lair:4        Slime (0/5) Lair:6
    Orc (2/2) D:10            Elf (3/3) Orc:2        Vaults (0/5) D:13
 Depths (0/5) D:15

Altars:
Ashenzari
Cheibriados
Dithmenos
Elyvilon
Fedhas
Gozag
Hepliaklqana
Kikubaaqudgha
Makhleb
Nemelex Xobeh
Okawaru
Qazlal
Ru
Sif Muna
Trog
Uskayaw
Vehumet
Wu Jian
Xom
Yredelemnul
Zin
The Shining One
Beogh
Jiyva

Shops:
D:4 [   D:6 *   D:11 %   D:15 [   Orc:1 :   Orc:2 [=(?   Elf:1 *   Elf:2 =}=(

Annotations:
D:3 3 runed translucent doors - kobold with distortion weapon - not worth it, exclusion: door, solus13's ghost, amateur DrCj


Innate Abilities, Weirdness & Mutations

You reflexively headbutt those who attack you in melee.
You have a pair of horns on your head.
You are frail. (-10% HP)


Message History

The deep elf master archer wields a +0 longbow.
The deep elf master archer shoots an arrow.
You block the arrow.
The deep elf master archer shoots an arrow.
The arrow hits you but does no damage.
You completely miss the deep elf blademaster.
Your headbutt misses the deep elf blademaster.
The deep elf blademaster is lightly wounded.
You miss the deep elf master archer. You slash the deep elf mage!
You burn the deep elf mage.
You completely miss the deep elf blademaster.
The deep elf blademaster hits you but does no damage.
You block the deep elf blademaster's attack.
A deep elf master archer comes into view.
The deep elf master archer shoots an arrow.
The arrow hits you!!
* * * LOW HITPOINT WARNING * * *
The deep elf mage hits you but does no damage.
The deep elf blademaster hits you with a +0 rapier!
You die...

***,,,...,,,***
*##.,,,,...,,,,,*
##..,,,,,...,,,,,,
##..e,,,*##.##**,,,
##...,*****,,,**,**,
#.e..****,.,,,,,****
##(.e#**,...,,,,,,,**
#....##....e,,,,,,,,,
*#...@ee.ee..,,,,,,,,,
#..eeee...E..,,,,,,,,,
#............,*,,,,,,,
#............,,*,,,,,,
#....^....e##*****,,,,
#.........#..,,,,**,,,
#..........,.,,,,,,,,,
#...........,,⌠,,,,,,,
*,,,,,,,,,,,,,,,,,,,,,


You could see 2 deep elf blademasters, 4 deep elf master archers, 2 deep elf
death magi, a deep elf sorcerer, 3 deep elf demonologists, an earth elemental
and a deep elf mage.

Vanquished Creatures
  A deep elf blademaster (Elf:2)
  Asterion (Elf:1)
  Rupert (Orc:2)
  Kirke (Swamp:4)
  Gastronok (Lair:1)
  3 thorn hunters
  The ghost of robotcentaur the Nimble, an adept TeNe of Gozag (Spider:2)
  A deep elf sorcerer (Elf:1)
  Aizul (Swamp:1)
  5 ghost moths
  4 emperor scorpions
  A very ugly thing (Swamp:4)
  The ghost of cjay27 the Grappler, a journeyman TrBe of Trog (Lair:6)
  A deep elf demonologist (Elf:1)
  A spark wasp (Spider:4)
  A white draconian (IceCv)
  4 deep elf annihilators
  Snorg (D:10)
  A deep elf death mage (Elf:1)
  Josephine (D:10)
  A vault guard (D:13)
  An ice dragon (Lair:6)
  A rakshasa (D:15)
  Harold (Lair:1)
  25 hydras
  A ghost crab (Swamp:4)
  5 shambling mangroves
  The ghost of opellulo the Blocker, a journeyman GrFi of Qazlal (Elf:1)
  A catoblepas (Lair:6)
  3 centaur warriors
  13 alligators
  5 two-headed ogres
  The ghost of Folque the Thaumaturge, a journeyman OpWz of Vehumet (D:11)
  An ogre mage (D:15)
  9 death yaks
  3 tengu warriors
  Urug (Lair:6)
  28 dancing weapons
  3 orc high priests (Orc:2)
  17 deep elf knights
  8 swamp dragons
  2 spriggan druids (Swamp:4)
  A wizard (D:13)
  An obsidian statue (Elf:1)
  An unseen horror (D:8)
  10 deep elf archers
  3 lindwurms (Lair:6)
  61 deep elf magi
  7 orc knights
  13 orb spiders
  6 orc sorcerers
  An oklob plant (Lair:6)
  5 manticores
  15 ugly things
  21 wolf spiders
  An orb spider (shapeshifter) (Elf:1)
  8 cyclopes
  9 elephants
  A manticore (shapeshifter) (Elf:1)
  Joseph (D:7)
  6 black mambas
  A guardian serpent (shapeshifter) (D:15)
  An ice statue (IceCv)
  5 gargoyles
  A torpor snail (Lair:6)
  9 spiny frogs
  6 centaur skeletons
  An efreet (D:15)
  A kobold demonologist (D:12)
  4 rime drakes
  A tengu conjurer (D:15)
  10 komodo dragons
  11 demonic crawlers
  3 trolls
  6 meliai
  19 polar bears
  9 tyrant leeches
  16 jumping spiders
  15 blink frogs
  The ghost of Folque the Magician, an amateur DsIE (D:4)
  8 bog bodies
  A raiju (shapeshifter) (D:15)
  31 slime creatures
  A dream sheep (Lair:2)
  20 hornets
  11 hippogriffs
  A meliai zombie (D:11)
  11 spriggans
  An air elemental (Elf:1)
  A vampire (D:12)
  56 redbacks
  6 wraiths
  25 tarantellas
  A yak (shapeshifter) (D:15)
  3 wyverns
  77 yaks
  5 shadows
  7 basilisks
  3 fire elementals (Elf:1)
  A hog (Swamp:4)
  12 vampire mosquitoes
  A hungry ghost (D:13)
  A basilisk (shapeshifter) (Elf:3)
  Grum (D:11)
  A steam dragon (D:13)
  15 swamp worms
  13 insubstantial wisps
  Edmund (D:4)
  3 acid dragons
  12 water moccasins
  A floating eye (shapeshifter) (D:15)
  Duvessa (D:6)
  10 swamp drakes
  3 floating eyes (D:15)
  41 orc warriors
  9 porcupines
  4 phantoms
  4 sky beasts
  6 necrophages
  A hornet zombie (D:14)
  13 ogres
  A black bear (D:6)
  3 boggarts (D:15)
  8 centaurs
  30 wolves
  10 crocodiles
  A big kobold (D:12)
  3 elf zombies (D:8)
  A gnoll sergeant (D:8)
  14 bullfrogs
  5 earth elementals
  A wyvern zombie (D:13)
  3 elf skeletons (D:8)
  A water moccasin zombie (D:5)
  Dowan (D:6)
  6 scorpions
  16 killer bees
  3 howler monkeys
  12 wights
  2 electric eels
  10 crimson imps
  7 centaur zombies
  3 quasits
  5 jellies
  A bullfrog zombie (D:9)
  6 hounds
  27 orc wizards
  21 orc priests
  2 bullfrog skeletons
  3 human skeletons (D:8)
  6 iguanas
  15 worker ants
  A killer bee zombie (D:5)
  A big kobold zombie (Ossuary)
  A hound skeleton (D:4)
  3 mummies (Ossuary)
  16 gnolls
  12 adders
  2 howler monkey skeletons
  8 shadow imps
  An adder skeleton (D:3)
  4 worms
  4 leopard geckos
  114 orcs
  4 giant cockroaches
  A gnoll zombie (Ossuary)
  10 goblins
  4 hobgoblins
  5 jackals
  11 quokkas
  8 bats
  6 frilled lizards
  2 hobgoblin zombies (Ossuary)
  16 kobolds
  A kobold zombie (Ossuary)
  An orc skeleton (D:8)
  3 orc zombies
  9 rats
  A fungus (Lair:6)
  4 plants
1357 creatures vanquished.

Vanquished Creatures (others)
  A deep elf mage (Elf:1)
  A polar bear (IceCv)
  4 humans (Swamp:4)
  A spriggan (Swamp:4)
  A swamp drake (Swamp:4)
  An orc warrior (Orc:2)
  A wolf (IceCv)
  13 fungi
  4 plants
27 creatures vanquished.

Grand Total: 1384 creatures vanquished

Notes
Turn   | Place    | Note
-------+----------+-------------------------------------------
     0 | D:1      | JeronimusCornelisz the Minotaur Berserker began the quest
                  | for the Orb.
     0 | D:1      | Reached XP level 1. HP: 19/19 MP: 0/0
   478 | D:1      | Reached XP level 2. HP: 25/27 MP: 1/1
   937 | D:1      | Reached XP level 3. HP: 25/33 MP: 2/2
  1029 | D:1      | Reached skill level 4 in Fighting
  1059 | D:1      | Reached skill level 5 in Axes
  1125 | D:2      | Found a snail-covered altar of Cheibriados.
  1131 | D:2      | Reached ** piety under Trog
  1131 | D:2      | Reached XP level 4. HP: 40/40 MP: 3/3
  1789 | D:2      | Found a bloodstained altar of Trog.
  2062 | D:3      | Found an ornate altar of the Wu Jian Council.
  2217 | D:3      | Found a shattered altar of Ashenzari.
  2455 | D:3      | Found a runed translucent gate.
  2455 | D:3      | Found a runed translucent gate.
  2456 | D:3      | Found a runed translucent gate.
  2456 | D:3      | Noticed solus13's ghost (amateur DrCj)
  2458 | D:3      | Identified the +2 whip of the Eternal Void {elec, rPois
                  | SInv}
  2458 | D:3      | Noticed a big kobold
  2578 | D:3      | Found an opulent altar of Gozag.
  2790 | D:4      | Noticed Edmund
  2800 | D:4      | Killed Edmund
  2800 | D:4      | Reached XP level 5. HP: 41/47 MP: 4/4
  3060 | D:4      | Reached XP level 6. HP: 46/53 MP: 5/5
  3291 | D:4      | Found Jumuuseu's Antique Armour Boutique.
  3677 | D:4      | Found a runed translucent door.
  3678 | D:4      | Noticed Folque's ghost (amateur DsIE)
  3721 | D:4      | Found a runed translucent door.
  3899 | D:5      | Entered Level 5 of the Dungeon
  4000 | D:5      | Reached *** piety under Trog
  4035 | D:5      | Reached skill level 5 in Fighting
  4387 | D:5      | Reached XP level 7. HP: 54/61 MP: 6/6
  4623 | D:5      | Reached skill level 1 in Stealth
  4823 | D:5      | Found a runed translucent door.
  5275 | D:5      | Reached skill level 1 in Slings
  5299 | D:5      | Reached **** piety under Trog
  5353 | D:5      | Reached XP level 8. HP: 68/69 MP: 7/7
  5462 | D:5      | Found a roughly hewn altar of Beogh.
  5611 | D:4      | Bought a buckler for 108 gold pieces
  5709 | D:6      | Reached skill level 1 in Shields
  5900 | D:6      | Reached skill level 10 in Axes
  5947 | D:6      | Noticed Dowan
  5965 | D:6      | Killed Dowan
  5986 | D:6      | Noticed Duvessa
  5996 | D:6      | Killed Duvessa
  6038 | D:6      | Reached skill level 5 in Armour
  6073 | D:6      | Reached skill level 6 in Fighting
  6073 | D:6      | Reached XP level 9. HP: 30/75 MP: 8/8
  6770 | D:6      | Found Qemeirul's Assorted Antiques.
  7073 | D:6      | Bought 2 scrolls labeled GOOXOSTR JONIMN for 54 gold pieces
  7073 | D:6      | Bought a scroll labeled WOCETR MIKEGG for 27 gold pieces
  7245 | D:7      | Found a staircase to the Ecumenical Temple.
  7251 | Temple   | Entered the Ecumenical Temple
  7621 | D:7      | You fall through a shaft!
  7632 | D:8      | Received a gift from Trog
  7721 | D:8      | Found a sand-covered staircase.
  7757 | Ossuary  | Entered an ossuary
  8214 | D:8      | Reached skill level 7 in Fighting
  8214 | D:8      | Reached skill level 5 in Slings
  8255 | D:8      | Reached ***** piety under Trog
  8607 | D:8      | Reached XP level 10. HP: 79/86 MP: 7/9
  9149 | D:7      | Received a gift from Trog
  9318 | D:7      | Noticed Joseph
  9329 | D:7      | Killed Joseph
  9731 | D:7      | Reached skill level 8 in Fighting
 10233 | D:8      | Noticed a two-headed ogre
 10244 | D:8      | Killed a two-headed ogre
 10467 | D:8      | Noticed a two-headed ogre
 10481 | D:8      | Killed a two-headed ogre
 10487 | D:8      | HP: 3/90 [centaur/arrow (9)]
 10487 | D:8      | HP: 1/90 [centaur/arrow (2)]
 10933 | D:8      | Killed an unseen horror
 10933 | D:8      | Reached XP level 11. HP: 68/95 MP: 10/10
 11548 | D:9      | Reached skill level 9 in Fighting
 11548 | D:9      | Noticed a two-headed ogre
 11571 | D:9      | Killed a two-headed ogre
 11919 | D:9      | Noticed a green ugly thing
 11927 | D:9      | Killed a green ugly thing
 12095 | D:9      | Received a gift from Trog
 12108 | D:9      | Reached skill level 1 in Throwing
 12299 | D:9      | Found a burning altar of Makhleb.
 12299 | D:9      | Found a shadowy altar of Dithmenos.
 12299 | D:9      | Found a hazy altar of Hepliaklqana.
 12365 | D:10     | Entered Level 10 of the Dungeon
 12365 | D:10     | Found a staircase to the Lair.
 12969 | D:10     | Got a twisted trident
 12970 | D:10     | Identified the +4 trident "Vucadod" {protect, rElec rF+ MR-
                  | Stlth+} (You found it on level 10 of the Dungeon)
 13167 | D:10     | Found a staircase to the Orcish Mines.
 13343 | D:10     | Reached skill level 10 in Fighting
 13360 | D:10     | Noticed Josephine
 13374 | D:10     | Killed Josephine
 13383 | D:10     | Reached skill level 10 in Slings
 14277 | D:11     | Found Raulerok's Food Emporium.
 14530 | D:11     | Reached XP level 12. HP: 106/106 MP: 11/11
 14751 | D:11     | Received a gift from Trog
 14772 | D:11     | Noticed Folque's ghost (journeyman OpWz)
 14815 | D:11     | Found a runed translucent gate.
 14816 | D:11     | Found a runed translucent gate.
 14816 | D:11     | Found a runed translucent gate.
 14869 | D:11     | Noticed Grum
 14880 | D:11     | Killed Grum
 15421 | D:11     | Killed Folque's ghost
 15617 | D:10     | 11
 15646 | Lair:1   | Entered Level 1 of the Lair of Beasts
 15660 | Lair:1   | Noticed a four-headed hydra
 15667 | Lair:1   | Killed a four-headed hydra
 15692 | Lair:1   | Noticed Gastronok
 15733 | Lair:1   | Killed Gastronok
 15982 | Lair:1   | Reached skill level 11 in Fighting
 16066 | Lair:1   | Noticed Harold
 16078 | Lair:1   | Killed Harold
 16078 | Lair:1   | Reached skill level 15 in Axes
 16839 | Lair:2   | Found a staircase to the Swamp.
 17024 | Lair:2   | Noticed a death yak
 17036 | Lair:2   | Killed a death yak
 18288 | Lair:3   | Reached skill level 10 in Armour
 18354 | Lair:3   | Reached XP level 13. HP: 116/116 MP: 12/12
 19552 | Lair:4   | Found a hole to the Spider Nest.
 19877 | Lair:4   | Reached skill level 12 in Fighting
 21680 | Lair:5   | Reached ****** piety under Trog
 21729 | Lair:5   | Reached skill level 13 in Fighting
 21731 | Lair:5   | Received a gift from Trog
 22223 | Lair:6   | Entered Level 6 of the Lair of Beasts
 22731 | Lair:6   | Found a frozen archway.
 22786 | IceCv    | Entered an ice cave
 23546 | IceCv    | Reached XP level 14. HP: 129/129 MP: 13/13
 24055 | IceCv    | Received a gift from Trog
 24172 | IceCv    | Reached skill level 14 in Fighting
 24330 | IceCv    | Identified a scroll of acquirement
 24684 | Lair:6   | Found a transporter.
 24684 | Lair:6   | Noticed cjay27's ghost (journeyman TrBe)
 24693 | Lair:6   | Found a transporter.
 24839 | Lair:6   | Found a staircase to the Slime Pits.
 24869 | Lair:6   | Found a viscous altar of Jiyva.
 25088 | Lair:6   | Found a shimmering altar of Xom.
 25431 | Lair:6   | Received a gift from Trog
 25742 | Lair:6   | Received a gift from Trog
 25804 | Lair:6   | Noticed Urug
 25832 | Lair:6   | Killed Urug
 26855 | Lair:6   | Got a faintly glowing short sword
 27004 | Lair:6   | Received a gift from Trog
 27034 | Lair:6   | Reached skill level 15 in Fighting
 27133 | Lair:6   | Found an ancient bone altar of Kikubaaqudgha.
 27212 | Lair:6   | Received a gift from Trog
 27218 | Lair:6   | Killed cjay27's ghost
 28322 | D:6      | Bought a runed plate armour for 702 gold pieces
 28332 | D:6      | Bought a pair of gloves for 121 gold pieces
 28337 | D:6      | Bought a scroll of identify for 54 gold pieces
 28419 | D:4      | Bought a runed chain mail for 180 gold pieces
 28419 | D:4      | Bought a shiny scale mail for 168 gold pieces
 28793 | D:4      | Killed Folque's ghost
 29025 | Orc:1    | Entered Level 1 of the Orcish Mines
 29034 | Orc:1    | Noticed Snorg
 29051 | D:10     | Killed Snorg
 29086 | Orc:1    | Paralysed by an orc sorcerer for 5 turns
 29272 | Orc:1    | Found a flagged portal.
 29288 | Bailey   | Entered a bailey
 29709 | Bailey   | Received a gift from Trog
 29709 | Bailey   | Reached XP level 15. HP: 141/141 MP: 8/14
 29910 | Bailey   | Reached skill level 16 in Fighting
 29910 | Bailey   | Reached XP level 16. HP: 152/152 MP: 15/15
 30321 | Orc:1    | Found Jejeuv's Book Shoppe.
 30570 | Orc:2    | Entered Level 2 of the Orcish Mines
 30738 | Orc:2    | Noticed Rupert
 30744 | Orc:2    | Killed Rupert
 31139 | Orc:2    | Found a staircase to the Elven Halls.
 31237 | Orc:2    | Found Wuifuaw's Weapon Shop.
 31255 | Orc:2    | Reached skill level 17 in Fighting
 31736 | Orc:2    | Received a gift from Trog
 31759 | Orc:2    | Found Tuniaz's Magic Scroll Shop.
 31779 | Orc:2    | Found Tutaz's Jewellery Shoppe.
 31783 | Orc:2    | Bought a scroll of identify for 26 gold pieces
 31783 | Orc:2    | Bought a scroll of identify for 26 gold pieces
 31783 | Orc:2    | Bought a scroll of identify for 26 gold pieces
 31783 | Orc:2    | Bought a scroll of identify for 26 gold pieces
 31785 | Orc:2    | Found Ytrutal's Armour Shoppe.
 32001 | Orc:2    | Bought an uncursed ring of resist corrosion for 340 gold
                  | pieces
 32001 | Orc:2    | Bought an uncursed ring of protection from fire for 425
                  | gold pieces
 32001 | Orc:2    | Bought an uncursed ring of flight for 297 gold pieces
 32009 | Orc:2    | Bought the +5 ring mail "Limeisis" {rPois} for 482 gold
                  | pieces
 32029 | Orc:2    | Bought 3 scrolls of enchant armour for 292 gold pieces
 32032 | Orc:2    | Bought a scroll of enchant weapon for 97 gold pieces
 32149 | Swamp:1  | Entered Level 1 of the Swamp
 32264 | Swamp:1  | Received a gift from Trog
 32870 | Swamp:1  | Reached skill level 18 in Fighting
 32940 | Swamp:1  | Noticed Aizul
 32980 | Swamp:1  | Killed Aizul
 34572 | Swamp:2  | Received a gift from Trog
 35087 | Swamp:3  | Reached skill level 19 in Fighting
 35679 | Swamp:3  | Noticed a thorn hunter
 35685 | Swamp:3  | Killed a thorn hunter
 36171 | Swamp:4  | Entered Level 4 of the Swamp
 36221 | Swamp:4  | Noticed Kirke
 36244 | Swamp:4  | Killed Kirke
 36250 | Swamp:4  | Reached XP level 17. HP: 149/168 MP: 5/16
 36479 | Swamp:4  | Reached skill level 20 in Fighting
 36858 | Swamp:4  | Received a gift from Trog
 37300 | Swamp:4  | Received a gift from Trog
 38004 | Swamp:4  | Reached skill level 5 in Dodging
 38223 | Swamp:4  | Got a decaying rune of Zot
 38792 | Swamp:2  | Got a creamy pearl robe
 38966 | Spider:1 | Entered Level 1 of the Spider Nest
 38980 | Spider:1 | Got a faintly glowing buckler
 38991 | Spider:1 | Identified the +5 buckler of the Mind {rC- Str+8} (You
                  | found it on level 1 of the Spider Nest)
 39226 | Spider:1 | Reached skill level 21 in Fighting
 40017 | Orc:2    | Bought the ring "Iseocism" {rC+ AC+3} for 595 gold pieces
 40432 | Spider:2 | Found a transporter.
 40852 | Spider:2 | Received a gift from Trog
 41061 | Spider:2 | Noticed robotcentaur's ghost (adept TeNe)
 41069 | Spider:2 | Found a transporter.
 41524 | Spider:2 | Killed robotcentaur's ghost
 42351 | Spider:3 | Received a gift from Trog
 42731 | Spider:3 | Identified the +7 morningstar of Fafrikh {flame, Stlth+}
                  | (You found it on level 3 of the Spider Nest)
 43278 | Spider:3 | Reached skill level 15 in Armour
 43881 | Spider:4 | Entered Level 4 of the Spider Nest
 44007 | Spider:4 | Reached XP level 18. HP: 172/184 MP: 14/17
 44030 | Spider:4 | Got a translucent cloak
 44056 | Spider:3 | Identified the cursed +0 cloak "Siom" {Str+4 SInv} (You
                  | found it on level 4 of the Spider Nest)
 44219 | Spider:4 | Reached skill level 22 in Fighting
 44616 | Spider:4 | Received a gift from Trog
 45506 | Spider:4 | Got a gossamer rune of Zot
 48101 | D:13     | Reached skill level 1 in Evocations
 48168 | D:13     | Received a gift from Trog
 48652 | D:13     | Received a gift from Trog
 48682 | D:13     | Found a gate to the Vaults.
 50038 | D:15     | Entered Level 15 of the Dungeon
 50404 | D:15     | Reached skill level 23 in Fighting
 50951 | D:15     | Received a gift from Trog
 50952 | D:15     | Paralysed by a floating eye for 3 turns
 51107 | D:15     | Paralysed by a floating eye for 3 turns
 51222 | D:15     | Found a staircase to the Depths.
 51321 | D:15     | Found Tozane's Armour Boutique.
 51571 | D:11     | Received a gift from Trog
 52478 | Elf:1    | Entered Level 1 of the Elven Halls
 52528 | Elf:1    | Gained mutation: You are frail. (-10% HP) [a neqoxec]
 52910 | Elf:1    | Noticed a Tzitzimitl
 52914 | Elf:1    | Noticed a Brimstone Fiend
 53186 | Elf:1    | Noticed Asterion
 53200 | Elf:1    | Killed Asterion
 53476 | Elf:1    | Reached XP level 19. HP: 160/175 MP: 20/20
 53581 | Elf:1    | You fall through a shaft!
 53581 | Elf:2    | Found a runed translucent gate.
 53581 | Elf:2    | Found a runed translucent gate.
 53581 | Elf:2    | Found a runed translucent gate.
 53677 | Elf:1    | Received a gift from Trog
 54067 | Elf:1    | Received a gift from Trog
 54530 | Elf:1    | Found a runed translucent gate.
 54530 | Elf:1    | Found a runed translucent gate.
 54530 | Elf:1    | Found a runed translucent gate.
 54675 | Elf:1    | Found an opulent altar of Gozag.
 54676 | Elf:1    | Found Urchoroid's Assorted Antiques.
 54677 | Elf:1    | Noticed opellulo's ghost (journeyman GrFi)
 55176 | Elf:1    | Killed opellulo's ghost
 55176 | Elf:1    | Reached skill level 24 in Fighting
 55421 | Elf:1    | Bought a pitted marble ring for 160 gold pieces
 55421 | Elf:1    | Identified the ring of the Stag {Str+2 Dex+2} (You bought
                  | it in a shop on level 1 of the Elven Halls)
 55422 | Elf:1    | Bought a steaming hunting sling for 208 gold pieces
 55422 | Elf:1    | Identified the cursed +0 hunting sling of Plunder
                  | {velocity, rF+ rC+ Int+4 Dex+4} (You bought it in a shop on
                  | level 1 of the Elven Halls)
 55670 | Elf:2    | Found Miruir's Weapon Emporium.
 55892 | Elf:2    | Reached skill level 5 in Evocations
 55895 | Elf:2    | Received a gift from Trog
 56155 | Elf:2    | Found Koiblaol's Jewellery Shop.
 56162 | Elf:2    | Found Hakhimas's Gadget Shoppe.
 56196 | Elf:2    | Found Qujuqe's Jewellery Shop.
 56302 | Elf:2    | Received a gift from Trog
 56545 | Elf:2    | Bought the amulet of Tuusotos {Gourm rC- MR++ Int+4} for
                  | 702 gold pieces
 57560 | Elf:3    | Entered Level 3 of the Elven Halls
 58009 | Elf:3    | Received a gift from Trog
 58088 | Elf:3    | Noticed a Tzitzimitl
 58095 | Elf:3    | HP: 8/180 [???[a deep elf demonologist] (6)]
 58100 | Elf:3    | HP: 7/180 [deep elf master archer/arrow (24)]
 58100 | Elf:3    | Slain by a deep elf blademaster

Skill      XL: |  1  2  3  4  5  6  7  8  9 10 11 12 13 14 15 16 17 18 19 |
---------------+----------------------------------------------------------+-----
Axes           | 4 5 6 8 9 10 12 13 14 15 16 18 | 18.0
Fighting       | 4 5 6 7 8 10 11 13 15 16 19 21 23 24 | 24.9
Armour         | 3 4 5 7 8 10 11 12 14 15 16 17 | 17.5
Dodging        | 3 6 8 |  8.1
Stealth        | 1 2 3 4 |  4.0
Slings         | 1 2 5 7 10 12 13 | 13.9
Shields        | 4 |  4.0
Throwing       | 1 |  1.8
Evocations     | 3 5 |  5.0

Action                   |  1- 3 |  4- 6 |  7- 9 | 10-12 | 13-15 | 16-18 | 19-21 || total
-------------------------+-------+-------+-------+-------+-------+-------+-------++-------
Melee: Hand axe          |    48 |   138 |   357 |       |       |    35 |    23 ||   601
       Headbutt          |     3 |    25 |    90 |   125 |   110 |   211 |    40 ||   604
       War axe           |       |       |     2 |   402 |   152 |       |       ||   556
       Broad axe         |       |       |       |       |   309 |   663 |   110 ||  1082
       Trident           |       |       |       |       |     8 |     1 |       ||     9
       Mace              |       |       |       |       |     6 |    44 |       ||    50
       Morningstar       |       |       |       |       |       |     4 |     6 ||    10
 Fire: Hunting sling     |       |     3 |    63 |    85 |   375 |   121 |       ||   647
       Fustibalus        |       |       |     6 |   187 |       |   903 |   321 ||  1417
Throw: Tomahawk          |       |     5 |     5 |     2 |       |     1 |       ||    13
Invok: Berserk           |     2 |     1 |     3 |     3 |     2 |     1 |       ||    12
       Trog's Hand       |       |       |       |     1 |     1 |     1 |       ||     3
       Brothers in Arms  |       |       |       |       |       |       |     1 ||     1
 Abil: Evoke Flight      |       |       |       |       |       |     1 |       ||     1
  Use: Scroll            |     1 |     8 |     5 |    16 |    12 |    30 |     9 ||    81
       Potion            |       |       |     1 |     1 |     2 |     3 |     1 ||     8
 Stab: Distracted        |       |       |       |     1 |       |       |       ||     1
       Sleeping          |       |       |       |       |       |     2 |       ||     2
       Confused          |       |       |       |       |       |     1 |       ||     1
  Eat: Chunk             |     2 |    12 |    12 |    17 |    17 |    37 |    18 ||   115
       Ration            |       |       |     2 |     4 |     6 |    11 |     1 ||    24
Armor: Animal skin       |     3 |       |       |       |       |       |       ||     3
       Leather armour    |       |    14 |       |     8 |       |       |       ||    22
       Ring mail         |       |    10 |    99 |    37 |    80 |   267 |       ||   493
       Plate armour      |       |       |       |    20 |    48 |    74 |    72 ||   214
       Chain mail        |       |       |       |    80 |    86 |       |       ||   166
       Crystal plate arm |       |       |       |       |       |   138 |       ||   138
Dodge: Dodged            |    40 |    88 |   127 |   171 |   190 |   420 |    76 ||  1112
Block: Buckler           |       |       |    36 |    69 |    99 |   286 |    61 ||   551
